 Dungeon Crawl Stone Soup version 0.30-a0-553-g7fabdf1491 (webtiles) character file.

Game seed: 1824510585945845692

86814 MackTheKnife the Eclecticist (level 15, 0/66 (81) HPs)
             Began as a Spriggan Hexslinger on Dec 25, 2022.
             Was an Elder of Ashenzari.
             Shot with an arrow by a centaur warrior (26 damage)
             ... on level 14 of the Dungeon on Dec 26, 2022.
             The game lasted 01:34:01 (28021 turns).

MackTheKnife the Eclecticist (Spriggan Hexslinger) Turns: 28021, Time: 01:34:01

HP:   0/66 (81)     AC:  1    Str:  5    XL:     15   Next: 41%
MP:   32/41         EV: 24    Int: 28    God:    Ashenzari [****..]
Gold: 1263          SH:  0    Dex: 23    Spells: 18/56 levels left

rFire   + + +      SeeInvis +    b - staff of fire {!astaff}
rCold   + + +      Faith    .    (shield currently unavailable)
rNeg    + . .      Spirit   .    g - +0 robe of the Shattered Chagrin {+Inv rElec rC+, Self, Bglg} (curse)
rPois   +          Reflect  .    P - -2 hat of the Alchemist {rElec rPois rF+ rC+ rN+ Will+ rMut rCorr}
rElec   +          Harm     .    B - +0 cloak "Esoteric Oracle" {Self, Comp} (curse)
rCorr   +          Rampage  .    (gloves unavailable)
rMut    +          Clarity  +    (boots unavailable)
Will    +++..                    H - amulet of Cremastomancy {RegenMP, @e2, Melee, Self} (curse)
Stlth   +++++                    c - ring "Pangnostic Suspicion" {Int+6, Melee, Self} (curse)
HPRegen 0.31/turn                u - ring "Lashed Irritation" {rF+ rC++ Dex+4, Elem, Comp} (curse)
MPRegen 0.67/turn

@: studying Unarmed Combat, heavily drained, very quick
A: very small, no large weapons, unfitting armour, see invisible, speed 3,
talons 1, agile 1
a: Renounce Religion, Evoke Invisibility, Curse Item, Shatter the Chains


You were on level 14 of the Dungeon.
You worshipped Ashenzari.
Ashenzari was greatly pleased with you.
You visited 4 branches of the dungeon, and saw 22 of its levels.
You visited 1 bazaar.
You also visited: Ossuary and Gauntlet.

You collected 2523 gold pieces.
You spent 1260 gold pieces at shops.


Innate Abilities, Weirdness & Mutations

You are very small and have problems with some larger weapons.
You are too small for most types of armour.
You have supernaturally acute eyesight. (SInv)
You cover ground extremely quickly. (Speed+++)
You have sharp toenails.
You are agile. (Dex +4, Str/Int -1)


   Skills:
 - Level 6.1(10.7) Fighting
 - Level 7.4(10.4) Short Blades
 - Level 2.4 Ranged Weapons
 - Level 8.2 Dodging
 - Level 10.0 Stealth
 + Level 6.0 Shields
 - Level 16.6(21.2) Spellcasting
 - Level 11.6(13.5) Conjurations
 - Level 3.6(5.4) Hexes
 - Level 3.1(5.6) Summonings
 - Level 4.2(6.9) Necromancy
 - Level 3.0(4.7) Translocations
 - Level 7.8(9.8) Fire Magic
 - Level 1.0(2.2) Air Magic
 - Level 1.2 Poison Magic


You had 18 spell levels left.
You knew the following spells:

 Your Spells              Type           Power      Damage    Failure   Level
a - Slow                  Hex            100%       N/A       1%          1
b - Inner Flame           Hex/Fire       83%        N/A       1%          3
c - Ensorcelled Hibernat  Hex/Ice        90%        N/A       1%          2
d - Mephitic Cloud        Conj/Pois/Air  57%        N/A       1%          3
e - Fireball              Conj/Fire      48%        3d19      1%          5
f - Animate Dead          Necr           62%        N/A       1%          4
g - Orb of Destruction    Conj           41%        9d11      4%          7
h - Summon Forest         Summ/Tloc      28%        N/A       4%          5
i - Haunt                 Necr/Summ      30%        N/A       63%         7
j - Apportation           Tloc           100%       N/A       1%          1

Your spell library contained the following spells:

 Spells                   Type           Power      Damage    Failure   Level
 Beastly Appendage        Tmut           58%        N/A       1%          1
 Necrotise                Necr           100%       1d9       1%          1
 Summon Small Mammal      Summ           100%       N/A       1%          1
 Cigotuvi's Dreadful Rot  Necr/Pois/Air  98%        N/A       1%          2
 Passwall                 Tmut/Erth      25%        N/A       1%          2
 Poisonous Vapours        Pois/Air       78%        N/A       1%          2
 Wereblood                Tmut           29%        N/A       1%          2
 Gell's Gravitas          Tloc           54%        N/A       1%          3
 Lesser Beckoning         Tloc           100%       N/A       1%          3
 Portal Projectile        Hex/Tloc       100%       N/A       1%          3
 Swiftness                Air            42%        N/A       1%          3
 Teleport Other           Tloc           54%        N/A       1%          3
 Cause Fear               Hex            28%        N/A       1%          4
 Iskenderun's Battlesphe  Conj           82%        2d13      1%          5
 Spider Form              Tmut/Pois      33%        N/A       3%          3
 Summon Mana Viper        Hex/Summ       57%        N/A       3%          5
 Conjure Ball Lightning   Conj/Air       32%        3x3d10    8%          6
 Summon Cactus Giant      Summ           28%        N/A       19%         6
 Infestation              Necr           31%        N/A       99%         8

Inventory:

Hand Weapons
 a - a +1 dagger of draining {short}
   (You took it off an orc wizard on level 1 of the Orcish Mines)
 V - a +3 vorpal long sword {long}
   (You took it off a vault guard on level 14 of the Dungeon)
 Z - a +3 eveningstar of flaming {macerare=g}
   (You took it off Louise on level 13 of the Dungeon)
Armour
 g - the cursed +0 robe of the Shattered Chagrin (worn) {+Inv rElec rC+, Self, Bglg}
   (You took it off Ijyb on level 4 of the Dungeon)

   rC:        It protects you from cold.
   rElec:     It insulates you from electricity.
   +Inv:      It lets you turn invisible.
   It has a curse which improves the following skills: Introspection: Fighting
   and Spellcasting.
   Beguiling: Conjurations, Hexes and Translocations.
 B - the cursed +0 cloak "Esoteric Oracle" (worn) {Self, Comp}
   (You took it off Crazy Yiuf on level 6 of the Dungeon)

   It has a curse which improves the following skills: Introspection: Fighting
   and Spellcasting.
   Companions: Summonings and Necromancy.
 G - a +0 troll leather armour
   (You found it on level 12 of the Dungeon)
 P - the -2 hat of the Alchemist (worn) {rElec rPois rF+ rC+ rN+ Will+ rMut rCorr}
   (You found it in a Gauntlet)

   rF:        It protects you from fire.
   rC:        It protects you from cold.
   rElec:     It insulates you from electricity.
   rPois:     It protects you from poison.
   rN:        It protects you from negative energy.
   rCorr:     It protects you from acid and corrosion.
   rMut:      It protects you from mutation.
   Will:      It increases your willpower.
 S - a +0 troll leather armour
   (You found it on level 12 of the Dungeon)
 W - a +2 buckler of fire resistance
   (You took it off a deep elf knight on level 14 of the Dungeon)
Magical Staves
 b - a staff of fire (weapon) {!astaff}
   (You found it in a Gauntlet)
 O - a staff of death {!astaff}
   (You found it on level 5 of the Lair of Beasts)
Jewellery
 c - the cursed ring "Pangnostic Suspicion" (left hand) {Int+6, Melee, Self}
   (You found it on level 10 of the Dungeon)

   [ring of intelligence]

   Int:       It affects your intelligence (+6).
   It has a curse which improves the following skills: Melee Combat: Short
   Blades, Long Blades, Axes, Maces & Flails, Polearms, Staves and Unarmed
   Combat.
   Introspection: Fighting and Spellcasting.
 u - the cursed ring "Lashed Irritation" (right hand) {rF+ rC++ Dex+4, Elem, Comp}
   (You took it off a minotaur in a Gauntlet)

   [ring of protection from fire]

   Dex:       It affects your dexterity (+4).
   rF:        It protects you from fire.
   rC:        It greatly protects you from cold.
   It has a curse which improves the following skills: Elements: Fire Magic, Ice
   Magic, Air Magic and Earth Magic.
   Companions: Summonings and Necromancy.
 w - the ring "Mubriech" {rC++ Int+6}
   (You found it on level 11 of the Dungeon)

   [ring of intelligence]

   Int:       It affects your intelligence (+6).
   rC:        It greatly protects you from cold.
 H - the cursed amulet of Cremastomancy (around neck) {RegenMP, @e2, Melee, Self}
   (You found it on level 2 of the Lair of Beasts)

   [amulet of magic regeneration]

   It increases your rate of magic regeneration.
   It has a curse which improves the following skills: Melee Combat: Short
   Blades, Long Blades, Axes, Maces & Flails, Polearms, Staves and Unarmed
   Combat.
   Introspection: Fighting and Spellcasting.
 R - a ring of see invisible
   (You found it on level 12 of the Dungeon)
Wands
 y - a wand of mindburst (1)
   (You took it off Ijyb on level 4 of the Dungeon)
 C - a wand of flame (51)
   (You found it on level 9 of the Dungeon)
 I - a wand of charming (1)
   (You found it on level 4 of the Lair of Beasts)
 Q - a wand of quicksilver (5)
   (You found it on level 9 of the Dungeon)
 T - a wand of polymorph (6)
   (You found it on level 13 of the Dungeon)
 Y - a wand of digging (16)
   (You found it on level 1 of the Lair of Beasts)
Scrolls
 e - 6 scrolls of immolation {!r!r}
 f - 4 scrolls of magic mapping {!r}
 h - 4 scrolls of amnesia
 k - 2 scrolls of vulnerability {!r!r}
 l - 7 scrolls of identify {@r1}
 m - 2 scrolls of fear
 n - 9 scrolls of teleportation {@r4}
 o - 4 scrolls of enchant armour
 p - a scroll of silence {!r}
 x - a scroll of blinking {!r}
 D - 4 scrolls of poison {!r}
 E - 2 scrolls of enchant weapon
Potions
 d - 3 potions of mutation {!q}
 i - 3 potions of brilliance
 j - a potion of ambrosia
 r - 4 potions of attraction {!q}
 s - 4 potions of cancellation
 t - 3 potions of might
 v - 2 potions of berserk rage {!q}
 z - 2 potions of resistance
 A - 3 potions of haste {@q3}
 F - 2 potions of flight
 K - 4 potions of lignification {!q}
 L - a potion of magic
 M - 10 potions of curing {@q1}
 N - 4 potions of heal wounds {@q2}
Miscellaneous
 q - a piece from Xom's chessboard (15/15)
   (You found it on level 3 of the Lair of Beasts)
 J - a condenser vane
   (You found it on level 4 of the Lair of Beasts)
 X - a box of beasts
   (You found it on level 14 of the Dungeon)

Dungeon Overview and Level Annotations

Branches:
Dungeon (14/15) Zot: 25064  Temple (1/1) D:7 Zot: 5858    Lair (5/5) D:10 Zot: 24693
 Shoals (0/4) Lair:2       Spider (0/4) Lair:2        Slime (0/5) Lair:4
    Orc (2/2) D:10 Zot: 10562     Elf (0/3) Orc:2        Vaults (0/5) D:14
Ossuary (visited)         Gauntlet (visited)

Altars:
Ashenzari
Cheibriados
Dithmenos
Elyvilon
Fedhas
Gozag
Hepliaklqana
Kikubaaqudgha
Makhleb
Nemelex Xobeh
Okawaru
Qazlal
Ru
Sif Muna
Trog
Uskayaw
Vehumet
Wu Jian
Xom
Yredelemnul
Zin
The Shining One
Jiyva

Shops:
D:1 (   D:8 *   D:9 (   Orc:1 ?!(?   Orc:2 ***:[

Portals:
Hell: Lair:5

Annotations:
D:3 Eustachio, Grinder
D:6 Duvessa
D:14 Azrael

.###.### #.# .# #.#
#.# .###.#### ##.#
....(#..# ##..#
####.##.### #..##
##....#...###.##
##.#..###.##.)#####
##.#..###.........#
...##..#####....@.#
....#......#......#
.#.........#......#
.########.........#
.##.....##(.>....)###
##..8.8..##.#####)c.#
#.........###...###.#
'.........##..8..##.#
'....#....'.......'.#


You could see a centaur warrior.


Message History

You feel drained. 😮 HP[-34] MP[+1]
You now have 75 max hp (-2).
You take 34 damage, and now have 43/75 hp.
MASSIVE DAMAGE!! (PAUSE)
The orb of destruction hits the centaur warrior!!!
The centaur warrior shoots an arrow.
The arrow hits you!!
* * * LOW HITPOINT WARNING * * *
You partially resist.
You feel drained.
* * * LOW HITPOINT WARNING * * *
😱 HP[-38]
You now have 72 max hp (-3).
You take 38 damage, and now have 5/72 hp.
MASSIVE DAMAGE!! (PAUSE) 😱 MP[+1] Really read
x - 2 scrolls of blinking {!r}?
Blink to where?
Press: ? - help, Dir - move target, p - centaur warrior
As you read the scroll of blinking {!r}, it crumbles to dust. 😱 HP[+1] MP[+1]
You see here a scroll of identify {@r1}.
You see here a +0 longbow {bow}. 😱 MP[+1] 😱 HP[+1] MP[+1]
There is a stone staircase leading up here.
You climb upwards.
There is a stone staircase leading down, spattered with blood here. 😱 HP[+1] MP[+2]
Your mp is fully restored (41).
You start resting. 😎 HP[+64]
Your hp is fully restored (72).
Okay, then.
Unknown command.
Okay, then.
Okay, then.
Okay, then.
You start removing your armour.
You continue taking off your +2 buckler of fire resistance. x4
You finish taking off your +2 buckler of fire resistance.
You feel less resistant to fire.
You drop a +2 buckler of fire resistance.
You drop a +0 buckler.
W - a +2 buckler of fire resistance
b - a staff of fire (weapon)
{!astaff} You start waiting.
Done waiting.
Casting: Orb of Destruction (quite dangerous; 4% risk of failure)
Confirm with . or Enter, or press ? or * to list all spells.
Okay, then.
You climb downwards.
Level annotation: Azrael
There is a stone staircase leading up here.
You see here a +0 longbow {bow}.
You see here a scroll of identify {@r1}.
The centaur warrior shoots an arrow.
The arrow hits you! You partially resist.
You feel drained. 😕 HP[-16]
You now have 70 max hp (-2).
You take 16 damage, and now have 56/70 hp.
MASSIVE DAMAGE!! (PAUSE) Unknown command.
You see here a scroll of identify {@r1}. 😕 HP[+1]
You see here a +0 longbow {bow}.
There is a stone staircase leading up here. 😕 HP[+1]
You start resting.
The centaur warrior shoots an arrow.
The arrow hits you!! You partially resist.
You feel drained. 😮 HP[-20]
You now have 68 max hp (-2).
You take 20 damage, and now have 38/68 hp.
MASSIVE DAMAGE!! (PAUSE) Unknown command.
Casting: Orb of Destruction (quite dangerous; 4% risk of failure)
Confirm with . or Enter, or press ? or * to list all spells.
Aiming: Fireball (dangerous; 1% risk of failure)
Press: ? - help, Shift-Dir - straight line, f - centaur warrior
Aim: a centaur warrior, wielding a +0 shortbow of draining You feel a surge of power!
The fireball explodes!
The fireball engulfs the centaur warrior!!
The centaur warrior shoots an arrow.
The arrow completely misses you. 😮 MP[-4]
You lost 4 mp, and now have 37/41 mp.
Casting: Fireball (dangerous; 1% risk of failure)
Confirm with . or Enter, or press ? or * to list all spells.
Aiming: Fireball (dangerous; 1% risk of failure)
Press: ? - help, Shift-Dir - straight line, f/p - centaur warrior
Aim: a centaur warrior, wielding a +0 shortbow of draining (heavily wounded)
You feel a surge of power!
The fireball explodes!
The fireball engulfs the centaur warrior!!
The centaur warrior shoots an arrow.
The arrow hits you!
* * * LOW HITPOINT WARNING * * *
You partially resist.
You feel drained.
* * * LOW HITPOINT WARNING * * *
The centaur warrior shoots an arrow.
The arrow hits you!!
You die...

Skill      XL: |  1  2  3  4  5  6  7  8  9 10 11 12 13 14 15 |
---------------+----------------------------------------------+-----
Stealth        | 1 2 3 8 10 | 10.0
Spellcasting   | 2 3 4 8 11 14 15 16 | 16.6
Fire Magic     | 1 2 4 7 |  7.8
Short Blades   | 3 7 |  7.4
Dodging        | 8 |  8.2
Fighting       | 6 |  6.1
Poison Magic   | 1 |  1.2
Air Magic      | 1 |  1.0
Conjurations   | 2 5 6 9 11 | 11.6
Necromancy     | 2 3 4 |  4.2
Summonings     | 3 |  3.1
Shields        | 1 6 |  6.0
Translocations | 2 3 |  3.0
Ranged Weapons | |  2.4
Hexes          | |  3.6

Action                   |  1- 3 |  4- 6 |  7- 9 | 10-12 | 13-15 || total
-------------------------+-------+-------+-------+-------+-------++-------
Melee: Dagger            |       |    58 |   280 |   330 |   187 ||   855
       Rapier            |       |    21 |       |       |       ||    21
       Flail             |       |    11 |       |       |       ||    11
       Punch             |       |     1 |     2 |     2 |     1 ||     6
       Sling             |       |     1 |       |       |       ||     1
       Staff             |       |       |       |       |    12 ||    12
       Kick              |       |       |       |       |    12 ||    12
 Fire: Sling             |   189 |    79 |    16 |       |       ||   284
 Cast: Slow              |    20 |    14 |     4 |     3 |       ||    41
       Ensorcelled Hiber |       |    23 |    35 |   135 |    69 ||   262
       Mephitic Cloud    |       |       |       |    18 |    25 ||    43
       Fireball          |       |       |       |    49 |   281 ||   330
       Orb of Destructio |       |       |       |       |    82 ||    82
       Animate Dead      |       |       |       |       |     6 ||     6
       Inner Flame       |       |       |       |       |     1 ||     1
       Summon Forest     |       |       |       |       |     1 ||     1
Invok: Curse Item        |       |       |     1 |     3 |     2 ||     6
       Shatter the Chain |       |       |       |       |     1 ||     1
Evoke: Wand              |       |       |    12 |       |    12 ||    24
       Condenser vane    |       |       |       |       |     1 ||     1
       Piece from Xom's  |       |       |       |       |     1 ||     1
  Use: Potion            |       |     3 |     3 |     6 |     4 ||    16
       Scroll            |       |    11 |     6 |     6 |     2 ||    25
 Stab: Sleeping          |       |    15 |    20 |    82 |    35 ||   152
       Confused          |       |       |       |    20 |    15 ||    35
       Distracted        |       |       |       |     2 |     3 ||     5
Armor: Robe              |     3 |    11 |     9 |    21 |     9 ||    53
Dodge: Dodged            |    52 |   113 |   127 |   258 |   174 ||   724

Levels and vault maps discovered:
D:1:      lightli_arrival_flooded_house, layout_basic, serial_shops,
          nicolae_shop_stone
D:2:      layout_loops_ring, basic_altar
D:3:      layout_rooms, mainiacjoe_overflow_alcove_2, kennysheep_generic_room_7,
          uniq_grinder
D:4:      layout_basic, grunt_temple_overflow_cloverleaf, uniq_sigmund,
          uniq_ijyb, uniq_eustachio
D:5:      layout_loops_cross, mainiacjoe_overflow_paths
D:6:      layout_loops_cross, uniq_crazy_yiuf_cottage
D:7:      layout_rooms, mainiacjoe_overflow_catwalk, minmay_temple_entry_waves,
          uniq_prince_ribbit1, uniq_duvessa
D:8:      layout_loops_cross, mainiacjoe_overflow_concentric_impassable,
          nicolae_ossuary_entry_false_entrances, columned_hall_lemuel,
          nicolae_concentric_dashed_squares_mild, minmay_shop_mass,
          minivault_26, uniq_psyche
D:9:      layout_roguey, grunt_temple_overflow_opulence, serial_shops, shop,
          hangedman_weighted_door, kennysheep_generic_room_12
D:10:     layout_basic, mainiacjoe_overflow_alcove_4, lair_entry_dummy,
          orc_0_dummy, worms_lemuel
D:11:     layout_long_grid, serial_shops, bzr_entry_customers,
          nicolae_ashenzari_skybound
D:12:     layout_roguey, dreamdust_princess_bridge
D:13:     layout_roguey, nemelex_spade_bored_becter
D:14:     kennysheep_bubble_arena, layout_rooms, grunt_vaults_entry_fortified,
          minmay_misc_feat_encased, uniq_azrael, uniq_snorg, uniq_louise,
          uniq_roxanne
Temple:   nicolae_temple_bog_church
Lair:1:   layout_regular_city, grunt_megastairs_1, lemuel_fruit_tree
Lair:2:   layout_chaotic_city, minmay_shoals_entry_hut,
          hellmonk_spider_entry_life_and_decay, chequers_serial_rivers_micro_b
Lair:3:   layout_small_grid, infiniplex_staircase_pool_2
Lair:4:   layout_roguey, slime_entry_1, beast_lair_carwin_8
Lair:5:   evil_forest, layout_regular_city
Orc:1:    layout_caves, serial_shops, shop, nicolae_shop_advertising_works
          [nicolae_subvault_shop_adworks], nicolae_shop_statue_plus,
          nicolae_shop_statue_plus
Orc:2:    grunt_orc_tribal_feast, layout_caves, gauntlet_entry_generic,
          nicolae_shop_gadgets, uniq_sonja, uniq_josephine

Notes
Turn   | Place    | Note
-------+----------+-------------------------------------------
     0 | D:1      | MackTheKnife the Spriggan Hexslinger began the quest for
                  | the Orb.
     0 | D:1      | Reached XP level 1. HP: 9/9 MP: 3/3
     0 | D:1      | magus.rc [v1.9.6]
    88 | D:1      | You pick up a book of Burglary and begin reading...
    88 | D:1      | You add the spells Passwall, Ensorcelled Hibernation and
                  | Swiftness to your library.
   180 | D:1      | Reached skill level 1 in Stealth
   193 | D:1      | You pick up a book of the Spheres and begin reading...
   193 | D:1      | You add the spells Iskenderun's Battlesphere, Fireball,
                  | Conjure Ball Lightning and Orb of Destruction to your
                  | library.
   228 | D:1      | Reached XP level 2. HP: 14/14 MP: 3/5
   453 | D:1      | You fall into a shaft and drop 1 floor!
   516 | D:2      | Reached skill level 2 in Stealth
   528 | D:2      | Reached skill level 2 in Spellcasting
   729 | D:1      | Found Socropy's Weapon Shop.
  1168 | D:2      | Reached XP level 3. HP: 17/17 MP: 7/7
  1184 | D:2      | Found a burning altar of Makhleb.
  1275 | D:2      | Reached skill level 3 in Stealth
  1293 | D:2      | Learned a level 3 spell: Inner Flame
  1776 | D:2      | Reached skill level 3 in Spellcasting
  1934 | D:3      | Noticed Grinder
  1935 | D:3      | You pick up a book of Displacement and begin reading...
  1935 | D:3      | You add the spells Lesser Beckoning, Gell's Gravitas and
                  | Teleport Other to your library.
  2102 | D:3      | Reached XP level 4. HP: 21/21 MP: 9/9
  2178 | D:3      | Found a sacrificial altar of Ru.
  2311 | D:3      | Reached skill level 1 in Fire Magic
  2591 | D:4      | Noticed a necrophage
  2774 | D:4      | Killed a necrophage
  2775 | D:4      | Reached skill level 4 in Spellcasting
  2808 | D:4      | Reached XP level 5. HP: 21/25 MP: 12/12
  2991 | D:4      | Noticed Sigmund
  2991 | D:4      | Noticed Eustachio
  2991 | D:4      | Noticed a phantom
  3212 | D:4      | Learned a level 2 spell: Ensorcelled Hibernation
  3331 | D:3      | Reached skill level 2 in Fire Magic
  3333 | D:4      | Noticed Ijyb
  3508 | D:4      | Killed a phantom
  3579 | D:4      | Identified the +0 robe of an ice cave {+Inv rElec rC+}
  3607 | D:5      | Entered Level 5 of the Dungeon
  3982 | D:4      | Found an iron altar of Okawaru.
  3982 | D:4      | Found a shimmering blue altar of Sif Muna.
  3982 | D:4      | Found a snail-covered altar of Cheibriados.
  3982 | D:4      | Found a glowing silver altar of Zin.
  4068 | D:4      | Reached XP level 6. HP: 10/29 MP: 1/14
  4192 | D:4      | Reached skill level 4 in Stealth
  4367 | D:5      | Reached skill level 5 in Stealth
  4367 | D:5      | Found a hide-covered altar of Uskayaw.
  4462 | D:5      | Reached skill level 6 in Stealth
  4563 | D:5      | HP: 7/29 [iguana (11)]
  4571 | D:5      | Noticed an ice beast
  5326 | D:6      | Reached skill level 7 in Stealth
  5525 | D:6      | Reached skill level 8 in Stealth
  5525 | D:6      | Reached XP level 7. HP: 32/32 MP: 10/15
  5653 | D:4      | Killed Sigmund
  5654 | D:4      | Reached skill level 9 in Stealth
  5782 | D:4      | HP: 3/32 [disintegration (16)]
  5794 | D:4      | HP: 8/32 [Ijyb/+0 club (7)]
  5795 | D:4      | Killed Ijyb
  5796 | D:4      | Reached skill level 10 in Stealth
  6024 | D:6      | Reached skill level 1 in Short Blades
  6178 | D:6      | Reached skill level 2 in Short Blades
  6328 | D:6      | Reached skill level 3 in Short Blades
  6397 | D:6      | Found a runed translucent door.
  6398 | D:6      | Noticed Crazy Yiuf
  6458 | D:6      | Killed Crazy Yiuf
  6459 | D:6      | Reached XP level 8. HP: 25/37 MP: 14/16
  6537 | D:7      | Found a shadowy altar of Dithmenos.
  6553 | D:7      | Reached skill level 4 in Short Blades
  6658 | D:7      | Reached skill level 5 in Short Blades
  6787 | D:7      | Noticed Prince Ribbit
  6803 | D:7      | Reached skill level 6 in Short Blades
  6823 | D:6      | HP: 2/37 [Prince Ribbit (17)]
  7032 | D:6      | Killed Prince Ribbit
  7033 | D:6      | Reached skill level 7 in Short Blades
  7095 | D:7      | Reached skill level 3 in Dodging
  7096 | D:7      | Noticed Duvessa
  7128 | D:7      | Noticed Dowan
  7155 | D:7      | Killed Dowan
  7367 | D:7      | Found a staircase to the Ecumenical Temple.
  7374 | Temple   | Entered the Ecumenical Temple
  7585 | Temple   | Became a worshipper of Ashenzari the Shackled
  7709 | D:7      | Reached skill level 4 in Dodging
  7880 | D:8      | Found Cataxt's Mass Market.
  7953 | D:8      | Found a sand-covered staircase.
  7956 | D:8      | You pick up a book of Death and begin reading...
  7956 | D:8      | You add the spells Animate Dead, Haunt and Infestation to
                  | your library.
  7980 | D:8      | Noticed a two-headed ogre
  7997 | D:8      | Killed a two-headed ogre
  7998 | D:8      | Reached skill level 8 in Dodging
  7998 | D:8      | Reached XP level 9. HP: 40/40 MP: 10/17
  8021 | Ossuary  | Entered an ossuary
  8334 | Ossuary  | Reached skill level 1 in Fighting
  8690 | D:8      | Found an ornate altar of the Wu Jian Council.
  8692 | D:8      | Noticed a two-headed ogre
  8705 | D:8      | Killed a two-headed ogre
  8706 | D:8      | Reached skill level 4 in Fighting
  9124 | D:8      | Noticed Psyche
  9130 | D:8      | Killed Psyche
  9131 | D:8      | Reached skill level 5 in Fighting
  9205 | D:9      | Reached skill level 6 in Fighting
  9205 | D:9      | Reached XP level 10. HP: 53/53 MP: 12/18
  9216 | D:9      | Reached skill level 5 in Spellcasting
  9242 | D:9      | Reached skill level 3 in Fire Magic
  9510 | D:9      | Found an opulent altar of Gozag.
  9510 | D:9      | Found a sparkling altar of Nemelex Xobeh.
  9527 | D:9      | Reached skill level 6 in Spellcasting
  9801 | D:9      | HP: 13/53 [unseen horror zombie (3)]
  9811 | D:9      | Reached skill level 4 in Fire Magic
 10071 | D:9      | Found Jamesi's Weapon Boutique.
 10142 | D:9      | Reached skill level 7 in Spellcasting
 10204 | D:9      | You pick up a book of Vapours and begin reading...
 10204 | D:9      | You add the spells Poisonous Vapours, Cigotuvi's Dreadful
                  | Rot and Mephitic Cloud to your library.
 10209 | D:9      | Learned a level 3 spell: Mephitic Cloud
 10571 | D:9      | Reached skill level 1 in Poison Magic
 10657 | D:9      | Reached skill level 1 in Air Magic
 10774 | D:9      | Reached skill level 1 in Conjurations
 10790 | D:9      | Reached skill level 8 in Spellcasting
 10790 | D:9      | Reached skill level 2 in Conjurations
 10974 | D:9      | Learned a level 5 spell: Fireball
 10994 | D:10     | Entered Level 10 of the Dungeon
 11204 | D:10     | Reached XP level 11. HP: 49/58 MP: 19/25
 11212 | D:10     | Reached skill level 5 in Fire Magic
 11214 | D:10     | Reached skill level 3 in Conjurations
 11338 | D:10     | Identified the +2 war axe "Bygalept" {speed, Dex+2}
 11627 | D:10     | Found a staircase to the Orcish Mines.
 11819 | D:10     | Found a hazy altar of Hepliaklqana.
 11866 | D:10     | You pick up a book of Cantrips and begin reading...
 11866 | D:10     | You add the spells Necrotise, Summon Small Mammal and
                  | Apportation to your library.
 11891 | D:10     | Found a staircase to the Lair.
 11973 | Lair:1   | Entered Level 1 of the Lair of Beasts
 12006 | Lair:1   | Reached * piety under Ashenzari
 12039 | Lair:1   | Reached skill level 9 in Spellcasting
 12513 | Lair:1   | Reached skill level 4 in Conjurations
 12519 | Lair:1   | Reached skill level 6 in Fire Magic
 12526 | Lair:1   | HP: 3/58 [blink frog (15)]
 12528 | Lair:1   | Reached skill level 10 in Spellcasting
 13258 | Lair:2   | Found a hole to the Spider Nest.
 13293 | Lair:2   | HP: 14/58 [blink frog (16)]
 13604 | Lair:2   | Reached skill level 5 in Conjurations
 14063 | Lair:2   | Found a staircase to the Shoals.
 14173 | Lair:3   | Reached skill level 11 in Spellcasting
 14225 | Lair:3   | Reached skill level 7 in Fire Magic
 14225 | Lair:3   | Reached XP level 12. HP: 44/63 MP: 24/29
 14454 | Lair:3   | Reached ** piety under Ashenzari
 14814 | Lair:3   | Reached skill level 6 in Conjurations
 14919 | Lair:4   | Identified the +7 plate armour of Araiborph {Regen+}
 14930 | Lair:4   | Reached skill level 12 in Spellcasting
 14935 | Lair:4   | Learned a level 4 spell: Animate Dead
 14985 | Lair:4   | Reached skill level 1 in Necromancy
 15097 | Lair:4   | Noticed a death yak
 15102 | Lair:4   | magus.rc [v1.9.6]
 15147 | Lair:4   | Found a viscous altar of Jiyva.
 15147 | Lair:4   | Found a staircase to the Slime Pits.
 15159 | Lair:4   | Reached skill level 2 in Necromancy
 15231 | Lair:4   | Noticed a death yak
 15236 | Lair:4   | Killed a death yak
 15258 | Lair:4   | Killed a death yak
 15340 | Lair:4   | Reached *** piety under Ashenzari
 15446 | Lair:4   | HP: 16/66 [rime drake/icy flash freeze (19)]
 15709 | Lair:4   | Reached skill level 13 in Spellcasting
 15745 | Lair:4   | Noticed a five-headed hydra
 15759 | Lair:4   | Killed a five-headed hydra
 15987 | Lair:4   | Reached skill level 14 in Spellcasting
 16238 | Lair:5   | Entered Level 5 of the Lair of Beasts
 16277 | Lair:5   | HP: 15/66 [lindwurm/blast of flame (28)]
 16286 | Lair:5   | HP: 6/66 [cane toad (11)]
 16319 | Lair:5   | HP: 11/66 [rime drake/icy flash freeze (16)]
 16326 | Lair:5   | Noticed a five-headed hydra
 16546 | Lair:4   | Reached XP level 13. HP: 46/70 MP: 30/35
 16775 | Lair:5   | Reached skill level 15 in Spellcasting
 16930 | Lair:5   | You pick up a book of Displacement and begin reading...
 17258 | Lair:5   | Reached skill level 7 in Conjurations
 17675 | Lair:5   | Reached skill level 8 in Conjurations
 18113 | Lair:5   | Reached skill level 9 in Conjurations
 18526 | Lair:5   | Found a burning altar of Makhleb.
 18735 | Lair:5   | Found a gateway to Hell.
 19115 | D:10     | Upgraded the game from 0.30-a0-540-g0af01429fa to
                  | 0.30-a0-553-g7fabdf1491
 19115 | D:10     | magus.rc [v1.9.6]
 19126 | D:10     | Reached skill level 3 in Necromancy
 19185 | D:10     | Learned a level 7 spell: Orb of Destruction
 19199 | D:10     | Reached XP level 14. HP: 75/75 MP: 16/37
 19204 | D:10     | Reached skill level 10 in Conjurations
 19473 | Orc:1    | Entered Level 1 of the Orcish Mines
 19585 | Orc:1    | Found Gaerubbown's Magic Scroll Shoppe.
 19970 | Orc:1    | Noticed an orc warlord
 20051 | Orc:1    | Killed an orc warlord
 20249 | Orc:1    | Found Ecozosa's Weapon Emporium.
 20292 | Orc:1    | Found Asih's Magic Scroll Shoppe.
 20304 | Orc:1    | Found Uxof's Distillery.
 20312 | Orc:1    | Bought a potion of mutation for 128 gold pieces
 20312 | Orc:1    | Bought a potion of curing for 48 gold pieces
 20312 | Orc:1    | Bought a potion of curing for 48 gold pieces
 20545 | Orc:2    | Entered Level 2 of the Orcish Mines
 20551 | Orc:2    | Found Nali's Gadget Gallery.
 20662 | Orc:2    | Found a gate leading to a gauntlet.
 20671 | Gauntlet | Entered a Gauntlet
 20671 | Gauntlet | Found a transporter.
 20671 | Gauntlet | Found a transporter.
 20742 | Gauntlet | Found a transporter.
 20758 | Gauntlet | Found a transporter.
 20759 | Gauntlet | Found a transporter.
 20760 | Gauntlet | Identified the +0 pair of boots "Urhyuwou" {Regen+}
 20761 | Gauntlet | Found a transporter.
 20761 | Gauntlet | Found a transporter.
 20762 | Gauntlet | Found a transporter.
 20772 | Gauntlet | Found a runed translucent gate.
 20773 | Gauntlet | Found the +3 pair of mountain boots {steadfast, rC+}
 20774 | Gauntlet | Found a transporter.
 20775 | Gauntlet | Found a runed translucent gate.
 20776 | Gauntlet | Found a runed translucent gate.
 20790 | Gauntlet | Found a transporter.
 20792 | Gauntlet | Identified the ring "Segesat" {rC- AC+4 Str+10 Int+3}
 20800 | Gauntlet | Found a transporter.
 20818 | Gauntlet | Found a transporter.
 20834 | Gauntlet | Found a transporter.
 20834 | Gauntlet | Identified the +1 war axe "Spriggan's Curse" {flame, *Noise
                  | rPois rC+ Int+3}
 20835 | Gauntlet | Found a runed translucent door.
 20843 | Gauntlet | Reached **** piety under Ashenzari
 20847 | Gauntlet | Found a transporter.
 20915 | Gauntlet | Gained mutation: You are frail. (-10% HP) [a shining eye]
 20917 | Gauntlet | Gained mutation: You have sharp toenails. [a shining eye]
 20942 | Gauntlet | Lost mutation: You are frail. (-10% HP) [potion of
                  | mutation]
 20942 | Gauntlet | Lost mutation: You have sharp toenails. [potion of
                  | mutation]
 20942 | Gauntlet | Gained mutation: Your magical capacity is low. (-10% MP)
                  | [potion of mutation]
 20942 | Gauntlet | Gained mutation: You expend magic power (3 MP) to
                  | strengthen your wands. [potion of mutation]
 20943 | Gauntlet | Lost mutation: You expend magic power (3 MP) to strengthen
                  | your wands. [potion of mutation]
 20943 | Gauntlet | Lost mutation: Your magical capacity is low. (-10% MP)
                  | [potion of mutation]
 20943 | Gauntlet | Gained mutation: You are agile. (Dex +4, Str/Int -1)
                  | [potion of mutation]
 20943 | Gauntlet | Gained mutation: You have sharp toenails. [potion of
                  | mutation]
 21262 | Gauntlet | Identified the ring "Cek Et Abia" {rF+ rC++ Dex+4}
 21265 | Gauntlet | Found the -2 hat of the Alchemist {rElec rPois rF+ rC+ rN+
                  | Will+ rMut rCorr}
 21306 | Gauntlet | You pick up a book of Changes and begin reading...
 21306 | Gauntlet | You add the spells Beastly Appendage, Wereblood and Spider
                  | Form to your library.
 21317 | Orc:2    | Found a staircase to the Elven Halls.
 21422 | Orc:2    | Noticed Josephine
 21427 | Orc:2    | Killed Josephine
 21453 | Orc:2    | Noticed Sonja
 21468 | Orc:2    | Reached skill level 11 in Conjurations
 21469 | Orc:2    | Killed Sonja
 22047 | Orc:2    | Reached skill level 16 in Spellcasting
 22278 | Orc:2    | Found Vyvvatre's Assorted Antiques.
 22278 | Orc:2    | Found Ciunn's General Store.
 22280 | Orc:2    | Found Vekaifar's Antique Armour Shoppe.
 22280 | Orc:2    | Found Hauttaa's Book Shop.
 22293 | Orc:2    | Bought a book of the Wilderness for 646 gold pieces
 22293 | Orc:2    | You pick up a book of the Wilderness and begin reading...
 22293 | Orc:2    | You add the spells Summon Forest, Summon Mana Viper and
                  | Summon Cactus Giant to your library.
 22299 | Orc:2    | Learned a level 5 spell: Summon Forest
 22496 | D:11     | Found a flickering gateway to a bazaar.
 22508 | Bazaar   | Entered a bazaar
 22543 | Bazaar   | Found Kapta Buj's Distillery.
 22573 | Bazaar   | Found Keshrij's Assorted Antiques.
 22604 | Bazaar   | Found Ikoizxam's Distillery.
 22646 | Bazaar   | Found Xofegota's Armour Shoppe.
 22693 | Bazaar   | Bought a potion of heal wounds for 60 gold pieces
 22703 | Bazaar   | Found Pumnuq's Weapon Emporium.
 22742 | Bazaar   | Bought a potion of heal wounds for 110 gold pieces
 22742 | Bazaar   | Bought a scroll of enchant armour for 165 gold pieces
 22762 | Bazaar   | Bought a potion of heal wounds for 55 gold pieces
 22911 | D:11     | Found a broken altar of Ashenzari.
 23230 | D:11     | Identified the +8 hand axe "Mithe Yxisi" {flame, *Rage rC+
                  | rN+++ rCorr}
 23294 | D:11     | Identified the ring "Mubriech" {rC++ Int+6}
 23422 | D:12     | Reached skill level 1 in Summonings
 23847 | D:12     | Reached skill level 2 in Summonings
 23932 | D:12     | Reached skill level 4 in Necromancy
 24251 | D:13     | Found a sparkling altar of Nemelex Xobeh.
 24940 | D:13     | Reached skill level 1 in Shields
 25161 | D:13     | Reached skill level 1 in Translocations
 25198 | D:13     | Reached skill level 2 in Translocations
 25471 | D:13     | Reached skill level 3 in Summonings
 25471 | D:13     | Reached XP level 15. HP: 81/81 MP: 31/41
 25482 | D:13     | Reached skill level 3 in Translocations
 25774 | D:13     | Learned a level 7 spell: Haunt
 25808 | D:14     | Reached skill level 2 in Shields
 25884 | D:14     | Learned a level 1 spell: Apportation
 25937 | D:14     | Noticed Azrael
 25938 | D:14     | Reached skill level 3 in Shields
 26011 | D:14     | Noticed Louise
 26251 | D:13     | Killed Louise
 26287 | D:14     | Noticed Snorg
 26290 | D:14     | Reached skill level 4 in Shields
 26837 | D:14     | Killed Snorg
 26970 | D:14     | Reached skill level 5 in Shields
 27191 | D:14     | Found a gate to the Vaults.
 27204 | D:14     | Reached skill level 6 in Shields
 27395 | D:14     | Noticed a fire giant
 27407 | D:14     | HP: 19/77 [centaur warrior/arrow (3)]
 27606 | D:13     | Z - a +3 eveningstar of flaming {macerare=g}
 27682 | D:14     | HP: 11/75 [centaur warrior/arrow (32)]
 27682 | D:14     | HP: 5/72 [centaur warrior/arrow (6)]
 28021 | D:14     | Shot with an arrow by a centaur warrior

Vanquished Creatures
  Louise (D:13)
  A minotaur (Gauntlet)
  Snorg (D:14)
  Josephine (Orc:2)
  A ghost crab (Gauntlet)
  4 vault guards (D:14)
  4 hydras
  4 centaur warriors
  An ogre mage (Orc:2)
  2 boulder beetles
  4 two-headed ogres
  3 death yaks
  3 orc high priests (Orc:2)
  A deep elf knight (D:14)
  Sonja (Orc:2)
  A fire crab (Lair:5)
  A sixfirhy (Lair:5)
  5 orc knights
  2 wizards
  A harpy (shapeshifter) (D:11)
  A lindwurm (Lair:5)
  A wolf spider (D:14)
  5 ugly things
  4 cyclopes
  4 orc sorcerers
  4 manticores
  20 elephants
  A shining eye (Gauntlet)
  2 torpor snails
  6 black mambas
  2 orange demons (Lair:5)
  A smoke demon (Lair:5)
  A demonic crawler (D:10)
  An unseen horror zombie (D:9)
  2 unseen horrors
  12 cane toads
  11 komodo dragons
  A freezing wraith (D:14)
  3 yaktaurs (D:14)
  Psyche (D:8)
  3 ice devils (Lair:5)
  8 rime drakes
  An efreet (D:14)
  6 kobold demonologists
  9 trolls
  2 polar bears
  Prince Ribbit (D:6)
  4 dream sheep (Lair:5)
  20 blink frogs
  6 slime creatures
  Sigmund (D:4)
  A snapping turtle (Lair:2)
  A culicivora (Lair:2)
  A shadow (D:11)
  55 yaks
  5 wraiths
  7 wyverns
  4 fire elementals (D:14)
  A golden eye (Gauntlet)
  A steam dragon (D:10)
  A basilisk (Lair:3)
  An unseen horror simulacrum (D:9)
  7 vampire mosquitoes
  3 swamp worms (D:10)
  2 wargs
  9 water moccasins
  8 hell hounds
  A nameless horror (D:14)
  22 orc warriors
  A black bear (D:6)
  4 sky beasts
  2 ice beasts
  6 ogres
  7 centaurs
  A phantom (D:4)
  3 kobold brigands
  5 bullfrogs
  2 necrophages
  A gnoll sergeant (D:12)
  A scorpion (D:5)
  5 killer bees (D:11)
  Dowan (D:7)
  3 howler monkeys
  2 centaur zombies (D:13)
  2 jellies
  A hound (D:4)
  17 orc priests
  Crazy Yiuf (D:6)
  A gnoll bouda (D:9)
  3 iguanas
  Ijyb (D:4)
  28 orc wizards
  8 mummies (Ossuary)
  2 howler monkey zombies (D:9)
  9 gnolls
  A howler monkey skeleton (D:9)
  6 adders
  2 shadow imps
  A white imp (D:7)
  An ufetubus (D:4)
  4 worms (D:2)
  2 dart slugs
  55 orcs
  A bat (D:1)
  4 endoplasms
  6 giant cockroaches
  3 gnoll zombies (Ossuary)
  7 goblins
  3 hobgoblins
  4 jackals (D:1)
  20 kobolds
  8 quokkas
  6 ball pythons
  3 frilled lizards (D:2)
  A hobgoblin zombie (Ossuary)
  3 kobold zombies
  6 orc zombies
  8 rats
588 creatures vanquished.

Vanquished Creatures (collateral kills)
  An orc warlord (Orc:1)
  A two-headed ogre (D:11)
  An ugly thing (D:14)
  An orc sorcerer (D:14)
  A fire elemental (D:14)
  2 orc warriors (Orc:1)
  An ogre (Orc:1)
  An orc priest (Orc:2)
  3 orcs (Orc:1)
12 creatures vanquished.

Vanquished Creatures (others)
  4 ugly thing zombies (D:14)
  A centaur zombie (D:13)
  A warg zombie (Orc:1)
  14 orc zombies
  A kobold zombie (D:13)
  16 fungi
  25 plants
62 creatures vanquished.

Grand Total: 662 creatures vanquished

Table legend:
 A = Non-vault XP
 B = Vault XP
 C = Vault XP percentage of total XP
 D = Non-vault monster count
 E = Vault monster count
 F = Vault count percentage of total count
                 A         B        C        D         E       F
            +---------+---------+-------+---------+---------+-------
      Total |   81458 |   42563 |  34.3 |     452 |     140 |  23.6
            +---------+---------+-------+---------+---------+-------
        D:1 |      27 |       0 |   0.0 |      15 |       0 |   0.0
        D:2 |      60 |       0 |   0.0 |      27 |       0 |   0.0
        D:3 |      24 |       2 |   7.7 |       7 |       1 |  12.5
        D:4 |     316 |     279 |  46.9 |      21 |       2 |   8.7
        D:5 |     352 |       0 |   0.0 |       8 |       0 |   0.0
        D:6 |     469 |     325 |  40.9 |      14 |       2 |  12.5
        D:7 |     894 |      69 |   7.2 |      19 |       1 |   5.0
        D:8 |    1907 |     358 |  15.8 |       4 |       1 |  20.0
        D:9 |    3447 |    1001 |  22.5 |      37 |       7 |  15.9
       D:10 |    5117 |     921 |  15.3 |      34 |       4 |  10.5
       D:11 |    4159 |       3 |   0.1 |      16 |       2 |  11.1
       D:12 |    4853 |       0 |   0.0 |      25 |       0 |   0.0
       D:13 |    8650 |    1175 |  12.0 |      24 |       1 |   4.0
       D:14 |    7562 |   10340 |  57.8 |      22 |      22 |  50.0
     Lair:1 |    3186 |    1141 |  26.4 |      14 |       5 |  26.3
     Lair:2 |    4390 |     471 |   9.7 |      16 |       2 |  11.1
     Lair:3 |    6190 |       0 |   0.0 |      21 |       0 |   0.0
     Lair:4 |    7921 |    2347 |  22.9 |      19 |       7 |  26.9
     Lair:5 |   13815 |   10311 |  42.7 |      40 |      26 |  39.4
      Orc:1 |    4152 |       0 |   0.0 |      48 |       0 |   0.0
      Orc:2 |    3967 |   10340 |  72.3 |      21 |      36 |  63.2
    Ossuary |       0 |     156 | 100.0 |       0 |      16 | 100.0
   Gauntlet |       0 |    3324 | 100.0 |       0 |       5 | 100.0
            +---------+---------+-------+---------+---------+-------

Illustrated notes

Table legend:
 A = Kills in this place as a percentage of kills in entire the game.
 B = Kills by you in this place as a percentage of kills by you in the entire game.
 C = Kills by friends in this place as a percentage of kills by friends in the entire game.
 D = Other kills in this place as a percentage of other kills in the entire game.
 E = Experience gained in this place as a percentage of experience gained in the entire game.
 F = Experience gained in this place divided by the number of levels of this place that you have seen.
                   A       B       C       D       E      F
               +-------+-------+-------+-------+-------+----------------------
         Total | 100.0 | 100.0 | 100.0 | 100.0 | 100.0 | 4960.8
       Dungeon |  53.4 |  54.2 |  33.3 |  16.7 |  42.2 | 3736.4
          Lair |  25.3 |  25.8 |   0.0 |  33.3 |  40.1 | 9954.4
  Orcish Mines |  17.7 |  16.6 |  66.7 |  33.3 |  14.9 | 9229.5
       Ossuary |   2.7 |   2.8 |   0.0 |   0.0 |   0.1 | 156.0
      Gauntlet |   0.8 |   0.7 |   0.0 |  16.7 |   2.7 | 3324.0
               +-------+-------+-------+-------+-------+----------------------

Table legend: (Time is in decaauts)
 A = Elapsed time spent in this place.
 B = Non-inter-level travel time spent in this place.
 C = Inter-level travel time spent in this place.
 D = Time resting spent in this place.
 E = Time spent auto-exploring this place.
 F = Levels seen in this place.
 G = Mean time per level.
                   A        B        C        D        E       F      G
               +--------+--------+--------+--------+--------+-----+--------+
         Total |  21255 |  20065 |   1190 |   6087 |   8648 |  25 |  850.2 |
       Dungeon |  13201 |  12275 |    926 |   3615 |   5541 |  14 |  942.9 |
        Temple |    142 |    119 |     23 |      0 |    112 |   1 |  142.0 |
          Lair |   5307 |   5112 |    195 |   1830 |   2070 |   5 | 1061.4 |
  Orcish Mines |   1437 |   1392 |     45 |    269 |    622 |   2 |  718.5 |
        Bazaar |    198 |    198 |      0 |      0 |    110 |   1 |  198.0 |
       Ossuary |    459 |    459 |      0 |    165 |     67 |   1 |  459.0 |
      Gauntlet |    510 |    510 |      0 |    207 |    124 |   1 |  510.0 |
               +--------+--------+--------+--------+--------+-----+--------+

Top non-repeatable levels by time:
    D:13: 1862 daAuts
  Lair:5: 1653 daAuts
     D:9: 1382 daAuts
     D:4: 1373 daAuts
    D:10: 1369 daAuts
  Lair:4: 1314 daAuts
  Lair:1: 1034 daAuts
     D:5: 948 daAuts
    D:14: 904 daAuts
   Orc:2: 886 daAuts
     D:6: 861 daAuts
     D:8: 734 daAuts
  Lair:3: 716 daAuts
     D:2: 710 daAuts
    D:12: 709 daAuts
